 Dungeon Crawl Stone Soup version 0.30-a0-378-g86d51d8b50 (webtiles) character file.

Game seed: 11609967564864271530

3558 Ijustatesigmund the Conjurer (level 9, -4/67 HPs)
             Began as a Demonspawn Conjurer on Dec 1, 2022.
             Killed from afar by a deep elf zephyrmancer (16 damage)
             ... with a bolt of lightning
             ... in a bailey.
             The game lasted 00:25:20 (9206 turns).

Ijustatesigmund the Conjurer (Demonspawn Conjurer)  Turns: 9206, Time: 00:25:21

Health: -4/67      AC: 15    Str:  8    XL:     9   Next: 83%
Magic:  15/18      EV: 13    Int: 29    God:
Gold:   321        SH:  4    Dex: 12    Spells: 14/20 levels left

rFire   + . .      SeeInvis .    w - +3 quarterstaff (vorpal)
rCold   . . .      Faith    .    (shield currently unavailable)
rNeg    . . .      Spirit   .    a - +1 robe {rF+}
rPois   .          Reflect  .    (no helmet)
rElec   .          Harm     .    v - +0 cloak
rCorr   .          Rampage  .    e - +0 pair of gloves
Will    .....                    (no boots)
Stlth   ++........               l - amulet of regeneration
HPRegen 1.91/turn                x - +4 ring of protection
MPRegen 0.16/turn                c - +6 ring of intelligence

@: about to teleport, flying
A: rugged brown scales 2, icemail 1, condensation shield, demonic magic 1,
talons 1, regeneration 1
a: no special abilities


You were in a bailey.
You visited 1 branch of the dungeon, and saw 8 of its levels.
You also visited: Sewer and Bailey.

You collected 468 gold pieces.
You spent 147 gold pieces at shops.

Inventory:

Hand Weapons
 s - a +1 morningstar
 w - a +3 vorpal quarterstaff (weapon)
Armour
 a - a +1 robe of fire resistance (worn)
 e - a +0 pair of gloves (worn)
 i - a +0 buckler
 v - a +0 cloak (worn)
 C - a +0 pair of gloves
Jewellery
 c - a +6 ring of intelligence (right hand)
 l - an amulet of regeneration (around neck)
 o - a ring of resist corrosion
 x - a +4 ring of protection (left hand)
Wands
 u - a wand of polymorph (11)
Scrolls
 j - a scroll of teleportation
 m - a scroll of enchant weapon
 n - a scroll of fog
 A - a scroll of amnesia
Potions
 d - 3 potions of mutation
 f - 2 potions of brilliance
 g - a potion of attraction
 h - 4 potions of curing
 k - 2 potions of cancellation
 q - 6 potions of flight
 r - a potion of berserk rage
 t - 3 potions of ambrosia
 B - a potion of lignification {unknown}


   Skills:
 - Level 3.6 Fighting
 - Level 3.3 Staves
 - Level 3.9 Dodging
 - Level 1.7 Stealth
 - Level 6.4 Spellcasting
 - Level 7.9 Conjurations
 + Level 4.8 Air Magic
 + Level 5.3 Poison Magic


You had 14 spell levels left.
You knew the following spells:

 Your Spells              Type           Power      Damage    Failure   Level
a - Magic Dart            Conj           100%       1d8       1%          1
b - Searing Ray           Conj           100%       2d8       1%          2
c - Mephitic Cloud        Conj/Pois/Air  44%        N/A       1%          3

Your spell library contained the following spells:

 Spells                   Type           Power      Damage    Failure   Level
 Cigotuvi's Dreadful Rot  Necr/Pois/Air  58%        N/A       1%          2
 Poisonous Vapours        Pois/Air       78%        N/A       1%          2
 Dazzling Flash           Conj/Hex       64%        N/A       3%          3
 Apportation              Tloc           18%        N/A       5%          1
 Necrotise                Necr           36%        1d5       5%          1
 Summon Small Mammal      Summ           36%        N/A       5%          1
 Fulminant Prism          Conj/Hex       16%        3d10      11%         4
 Iskenderun's Mystic Bla  Conj/Tloc      32%        2d8       11%         4
 Call Canine Familiar     Summ           9%         N/A       16%         3
 Ozocubu's Armour         Ice            9%         N/A       16%         3
 Summon Guardian Golem    Hex/Summ       9%         N/A       16%         3
 Metabolic Englaciation   Hex/Ice        4%         N/A       83%         5
 Simulacrum               Ice/Necr       4%         N/A       100%        6


Dungeon Overview and Level Annotations

Branches:
Dungeon (8/15)              Sewer (visited)          Bailey (1/1)
 Temple: D:4-7         Lair: D:8-11

Altars:
Ashenzari
Gozag
Kikubaaqudgha
Makhleb
Okawaru
Qazlal
Trog
Xom

Shops:
D:1 *   D:3 *   D:5 *


Innate Abilities, Weirdness & Mutations

You are mostly covered in rugged brown scales. (AC +2, +5% HP)
A meltable icy envelope protects you from harm. (AC +4)
A meltable shield of frost defends you. (SH +4)
Spells you cast may paralyse adjacent enemies.
You have sharp toenails.
Your natural rate of healing is unusually fast.


Message History

Casting: Magic Dart (safe; 1% risk of failure)
Confirm with . or Enter, or press ? or * to list all spells.
You can't see any susceptible monsters within range! (Use Z to cast anyway.) Unknown command.
Casting: Magic Dart (safe; 1% risk of failure)
Confirm with . or Enter, or press ? or * to list all spells.
You can't see any susceptible monsters within range! (Use Z to cast anyway.)
Casting: Magic Dart (safe; 1% risk of failure)
Confirm with . or Enter, or press ? or * to list all spells.
You don't know that spell.
Unknown command.
Casting: Magic Dart (safe; 1% risk of failure)
Confirm with . or Enter, or press ? or * to list all spells.
You can't see any susceptible monsters within range! (Use Z to cast anyway.)
Casting: Magic Dart (safe; 1% risk of failure)
Confirm with . or Enter, or press ? or * to list all spells.
Aiming: Mephitic Cloud (safe; 1% risk of failure)
Press: ? - help, Shift-Dir - straight line, p - deep elf zephyrmancer The ball explodes into a vile cloud!
Malevolent energies surge around you.
The deep elf zephyrmancer gestures wildly while chanting.
The deep elf zephyrmancer blinks!
The deep elf zephyrmancer mumbles some strange words.
The deep elf zephyrmancer blinks!
Things that are here:
a +0 spear; a +0 scale mail The deep elf zephyrmancer points at you and mumbles some strange words.
The bolt of lightning hits you!!
Casting: Mephitic Cloud (safe; 1% risk of failure)
Confirm with . or Enter, or press ? or * to list all spells.
You can't see any susceptible monsters within range! (Use Z to cast anyway.) Unknown command.
As you read the scroll of teleportation, it crumbles to dust.
You feel strangely unstable.
The deep elf zephyrmancer gestures at you while chanting.
The bolt of lightning hits you!!
* * * LOW HITPOINT WARNING * * *
Okay, then.
The deep elf zephyrmancer points at you and mumbles some strange words.
The bolt of lightning hits you!
You die...

♣..................'..#)|#
♣....e...)...))...)'..#[!#
♣..∩...)...........#..#!$.
♣.........######...#.8##!.
♣♣.........≈≈≈≈....#..####
♣♣♣....♣○○≈≈§≈.♣.##......
###....°≈≈§≈...#.......
##)♣..≈≈≈≈♣..#..#####
#).@≈≈≈§§♣..####
#♣.≈≈≈≈≈♣♣....#
♣♣≈≈≈≈≈♣♣♣..## #######
####


You could see a deep elf zephyrmancer.

Vanquished Creatures
  An orc knight (Bailey)
  A wyvern (D:8)
  2 water moccasins
  A sky beast (D:6)
  2 ogres
  6 orc warriors (Bailey)
  An ice beast (D:6)
  A black bear (D:4)
  2 centaurs
  2 bullfrogs
  A necrophage (D:5)
  3 scorpions (D:5)
  6 wights (D:7)
  4 howler monkeys
  2 jellies
  A hound (D:6)
  An orc priest (D:7)
  Crazy Yiuf (D:4)
  A gnoll bouda (D:4)
  6 iguanas
  Robin (D:2)
  15 gnolls
  7 adders
  7 river rats (Sewer)
  A shadow imp (D:8)
  A white imp (D:7)
  A worm (Sewer)
  3 dart slugs
  19 orcs
  10 bats
  3 endoplasms
  5 giant cockroaches
  16 goblins
  8 hobgoblins
  2 jackals (D:5)
  7 quokkas
  9 ball pythons
  4 frilled lizards
  5 kobolds
  9 rats
178 creatures vanquished.

Vanquished Creatures (others)
  4 plants (D:2)
4 creatures vanquished.

Grand Total: 182 creatures vanquished

Notes
Turn   | Place    | Note
-------+----------+-------------------------------------------
     0 | D:1      | Ijustatesigmund the Demonspawn Conjurer began the quest for
                  | the Orb.
     0 | D:1      | Reached XP level 1. HP: 13/13 MP: 3/3
   385 | D:1      | Gained mutation: A meltable shield of frost defends you.
                  | (SH +4) [demonic ancestry]
   385 | D:1      | Reached XP level 2. HP: 20/20 MP: 5/5
   608 | D:1      | Found Hutucs's Assorted Antiques.
   616 | D:1      | Bought a scroll labelled BUBBUX LOANO for 27 gold pieces
   676 | D:1      | Reached skill level 1 in Fighting
  1032 | D:2      | Noticed Robin
  1049 | D:1      | Learned a level 2 spell: Searing Ray
  1114 | D:2      | Killed Robin
  1115 | D:2      | Gained mutation: A meltable icy envelope protects you from
                  | harm. (AC +4) [demonic ancestry]
  1115 | D:2      | Reached XP level 3. HP: 26/26 MP: 0/6
  2479 | D:3      | Reached XP level 4. HP: 33/33 MP: 5/8
  2743 | D:3      | Found Viab's Assorted Antiques.
  2754 | D:3      | Bought a brown potion for 20 gold pieces
  2754 | D:3      | Bought a viscous purple potion for 20 gold pieces
  2930 | D:3      | Found a faded altar of an unknown god.
  3129 | D:4      | Noticed a bullfrog
  3646 | D:4      | Found a broken altar of Ashenzari.
  3795 | D:4      | Killed a bullfrog
  3796 | D:4      | Reached skill level 5 in Conjurations
  3796 | D:4      | Gained mutation: Spells you cast may paralyse adjacent
                  | enemies. [demonic ancestry]
  3796 | D:4      | Reached XP level 5. HP: 40/40 MP: 2/10
  3862 | D:4      | Found a stormy altar of Qazlal.
  4009 | D:4      | Found an iron altar of Okawaru.
  4009 | D:4      | Found a bloodstained altar of Trog.
  4112 | D:4      | Reached XP level 6. HP: 41/47 MP: 2/11
  4295 | D:4      | Found a runed translucent door.
  4296 | D:4      | Noticed Crazy Yiuf
  4307 | D:4      | Killed Crazy Yiuf
  4479 | D:5      | Entered Level 5 of the Dungeon
  4564 | D:5      | Reached skill level 1 in Staves
  4630 | D:5      | Found Jilohyer's General Store.
  4656 | D:5      | Reached skill level 6 in Conjurations
  4656 | D:5      | Gained mutation: You are partially covered in rugged brown
                  | scales. (AC +1, +3% HP) [demonic ancestry]
  4656 | D:5      | Reached XP level 7. HP: 47/53 MP: 13/13
  4948 | D:5      | Found a glowing drain.
  4952 | Sewer    | Entered a sewer
  6038 | D:5      | Reached skill level 5 in Spellcasting
  6371 | D:6      | Gained mutation: You are mostly covered in rugged brown
                  | scales. (AC +2, +5% HP) [demonic ancestry]
  6371 | D:6      | Reached XP level 8. HP: 53/61 MP: 8/15
  6465 | D:5      | Bought a potion of invisibility for 80 gold pieces
  6705 | D:6      | Reached skill level 7 in Conjurations
  7231 | D:6      | Gained mutation: You have sharp toenails. [potion of
                  | mutation]
  7231 | D:6      | Gained mutation: Your natural rate of healing is unusually
                  | fast. [potion of mutation]
  8038 | D:7      | Reached XP level 9. HP: 59/62 MP: 13/18
  8092 | D:8      | Learned a level 3 spell: Mephitic Cloud
  8115 | D:8      | Reached skill level 1 in Air Magic
  8115 | D:8      | Reached skill level 1 in Poison Magic
  8166 | D:8      | Found an ancient bone altar of Kikubaaqudgha.
  8304 | D:8      | Found a burning altar of Makhleb.
  8305 | D:8      | Found an opulent altar of Gozag.
  8307 | D:8      | Found a shimmering altar of Xom.
  8412 | D:8      | Noticed Maurice
  8417 | D:8      | Maurice changed into Maurice the water moccasin
  8417 | D:8      | Noticed Maurice
  8419 | D:8      | Killed Maurice the water moccasin
  8512 | D:8      | Found a flagged portal.
  8521 | Bailey   | Entered a bailey
  8800 | Bailey   | Noticed an orc knight
  8861 | Bailey   | Killed an orc knight
  8862 | Bailey   | Reached skill level 5 in Poison Magic
  9039 | Bailey   | Found a large runed translucent door.
  9039 | Bailey   | Found a large runed translucent door.
  9040 | Bailey   | Noticed a deep elf zephyrmancer
  9042 | Bailey   | Found the +4 Cigotuvi's embrace {rMiasma Drain rN+}
  9206 | Bailey   | Killed from afar by a deep elf zephyrmancer

Illustrated notes

Levels and vault maps discovered:
D:1:      dpeg_arrival_solitude, layout_basic, serial_shops, nicolae_shop_stone,
          minmay_misc_feat_room
D:2:      layout_basic, serial_bayou_lake_a, uniq_robin
D:3:      layout_rooms, shapermc_ecumenical_altar_totnotflames, serial_shops,
          nicolae_shop_advertising_works [nicolae_subvault_shop_adworks]
D:4:      layout_gridville, grunt_temple_overflow_bloody_war, kennysheep_mini,
          mainiacjoe_overflow_boulevard, patterned_corridor,
          uniq_crazy_yiuf_cottage
D:5:      nicolae_cairo_tiling, layout_cave_pools, serial_shops,
          nicolae_take_the_stairs, gup_sewer_entry_spiral
D:6:      layout_cave_pools
D:7:      layout_gridville, minmay_temple_entry_purple_smoke,
          kennysheep_flooded_box
D:8:      layout_loops_ring, chequers_temple_overflow_statue_of_worship,
          mainiacjoe_overflow_paths, lightli_bailey_entry_fortress, uniq_maurice
Bailey:   bailey_polearm_elven_captive_hellmonk, bailey

Skill      XL: |  1  2  3  4  5  6  7  8  9 |
---------------+----------------------------+-----
Fighting       | 1 2 3 |  3.6
Spellcasting   | 3 4 5 6 |  6.4
Conjurations   | 5 6 7 |  7.9
Staves         | 1 3 |  3.3
Dodging        | 3 |  3.9
Air Magic      | 4 |  4.8
Poison Magic   | 5 |  5.3
Stealth        | |  1.7

Action                   |  1- 3 |  4- 6 |  7- 9 || total
-------------------------+-------+-------+-------++-------
Melee: Dagger            |    57 |    26 |       ||    83
       Punch             |     1 |     1 |       ||     2
       Quarterstaff      |       |     7 |   172 ||   179
       Kick              |       |       |    30 ||    30
 Cast: Magic Dart        |    47 |    55 |   149 ||   251
       Searing Ray       |     5 |     8 |    18 ||    31
       Mephitic Cloud    |       |       |    11 ||    11
Evoke: Wand              |       |       |     1 ||     1
  Use: Scroll            |     4 |     9 |    12 ||    25
       Potion            |       |       |     7 ||     7
 Stab: Sleeping          |     1 |     1 |       ||     2
       Distracted        |       |       |     2 ||     2
       Paralysed         |       |       |     3 ||     3
       Confused          |       |       |     1 ||     1
       Invisible         |       |       |     1 ||     1
Armor: Robe              |    24 |    18 |    73 ||   115
Dodge: Dodged            |    45 |    53 |   125 ||   223
Block: Other             |    16 |    14 |    45 ||    75

Table legend: (Time is in decaauts)
 A = Elapsed time spent in this place.
 B = Non-inter-level travel time spent in this place.
 C = Inter-level travel time spent in this place.
 D = Time resting spent in this place.
 E = Time spent auto-exploring this place.
 F = Levels seen in this place.
 G = Mean time per level.
                   A        B        C        D        E       F      G
               +--------+--------+--------+--------+--------+-----+--------+
         Total |   9480 |   9214 |    266 |   1725 |   5899 |  10 |  948.0 |
       Dungeon |   7755 |   7489 |    266 |   1405 |   4882 |   8 |  969.4 |
         Sewer |   1035 |   1035 |      0 |      0 |    867 |   1 | 1035.0 |
        Bailey |    689 |    689 |      0 |    320 |    150 |   1 |  689.0 |
               +--------+--------+--------+--------+--------+-----+--------+

Top non-repeatable levels by time:
     D:4: 1287 daAuts
     D:1: 1194 daAuts
     D:3: 1193 daAuts
     D:5: 1062 daAuts
     D:6: 1059 daAuts
   Sewer: 1035 daAuts
     D:2: 922 daAuts
  Bailey: 689 daAuts
     D:7: 555 daAuts
     D:8: 480 daAuts
